 Dungeon Crawl Stone Soup version 0.32-a0-871-ge202e49faa (webtiles) character file.

Game seed: 8009001388672603012

193 epen the Vexing (level 5, -1/41 HPs)
             Began as a Gnoll Hexslinger on Mar 29, 2024.
             Slain by an orc wizard
             ... wielding a +0 dagger
              (2 damage)
             ... on level 4 of the Dungeon.
             The game lasted 00:02:59 (2549 turns).

epen the Vexing (Gnoll Hexslinger)                  Turns: 2549, Time: 00:02:59

Health: -1/41      AC:  2    Str:  5    XL:     5   Next: 72%
Magic:  9/9        EV: 13    Int: 14    God:
Gold:   190        SH:  0    Dex: 17    Spells: 8/10 levels left

rFire   . . .        m - +3 spear of Foolhardiness {protect, rC++ Str-2 Int+2}
rCold   + + .        (no shield)
rNeg    . . .        c - +0 robe
rPois   .            (no helmet)
rElec   .            (no cloak)
rCorr   .            (no gloves)
SInv    .            (no boots)
Will    +....        (no amulet)
Stlth   ++           (no ring)
HPRegen 0.26/turn    (no ring)
MPRegen 0.11/turn

%: no passive effects
@: lethally poisoned (-1 -> -11), enlightened, flying
A: fangs 1, strong nose, distributed training
a: no special abilities


You were on level 4 of the Dungeon.
You visited 1 branch of the dungeon, and saw 4 of its levels.

You collected 246 gold pieces.
You spent 56 gold pieces at shops.

Inventory:

Hand Weapons
 a - a +2 sling
 m - the +3 spear of Foolhardiness (weapon) {protect, rC++ Str-2 Int+2}
   (You found it on level 2 of the Dungeon)

   Str-2:     It affects your strength (-2).
   Int+2:     It affects your intelligence (+2).
   rC++:      It greatly protects you from cold.
Armour
 c - a +0 robe (worn)
Jewellery
 d - a ring of positive energy
 e - a ring of protection from fire
Scrolls
 b - a scroll of poison
 f - 2 scrolls of enchant weapon
 k - 4 scrolls of teleportation
Potions
 g - 2 potions of attraction
 o - 2 potions of resistance


   Skills:
 + Level 3.1 Fighting
 + Level 1.7 Short Blades
 + Level 1.7 Long Blades
 + Level 1.7 Axes
 + Level 1.7 Maces & Flails
 + Level 1.7 Polearms
 + Level 1.7 Staves
 + Level 4.9 Ranged Weapons
 + Level 1.7 Throwing
 + Level 1.7 Armour
 + Level 4.9 Dodging
 + Level 1.7 Stealth
 + Level 1.7 Shields
 + Level 1.7 Unarmed Combat
 + Level 3.3 Spellcasting
 + Level 1.3 Conjurations
 + Level 5.6 Hexes
 + Level 1.3 Summonings
 + Level 1.3 Necromancy
 + Level 1.3 Translocations
 + Level 2.5 Fire Magic
 + Level 1.3 Ice Magic
 + Level 1.3 Air Magic
 + Level 1.3 Earth Magic
 + Level 1.3 Alchemy
 + Level 1.9 Invocations
 + Level 1.7 Evocations
 + Level 1.5 Shapeshifting


You had 8 spell levels left.
You knew the following spells:

 Your Spells              Type           Power      Damage    Failure   Level
a - Jinxbite              Hex            36%        N/A       3%          2

Your spell library contained the following spells:

 Spells                   Type           Power      Damage    Failure   Level
 Confusing Touch          Hex            18%        N/A       6%          3
 Sigil of Binding         Hex            18%        N/A       6%          3
 Kiss of Death            Conj/Necr      24%        2d7       12%         1
 Inner Flame              Hex/Fire       13%        N/A       12%         3
 Dazzling Flash           Conj/Hex       24%        N/A       16%         3
 Cause Fear               Hex            9%         N/A       21%         4
 Call Canine Familiar     Summ           6%         N/A       34%         3
 Mephitic Cloud           Conj/Alch/Air  6%         N/A       34%         3
 Dimensional Bullseye     Hex/Tloc       6%         N/A       45%         4
 Dispel Undead            Necr           6%         3d8       75%         4
 Silence                  Hex/Air        6%         N/A       80%         5
 Alistair's Intoxication  Alch           4%         N/A       97%         5
 Borgnjor's Vile Clutch   Necr/Erth      3%         N/A       97%         5
 Curse of Agony           Necr           6%         N/A       97%         5
 Irradiate                Conj/Alch      3%         3d12      97%         5
 Summon Forest            Summ/Tloc      3%         N/A       97%         5
 Eringya's Noxious Bog    Alch           3%         4d6       100%        6
 Summon Hydra             Summ           3%         N/A       100%        7
 Ignition                 Fire           4%         3d4       100%        8


Dungeon Overview and Level Annotations

Branches:
Dungeon (4/15)
 Temple: D:4-7

Altars:

Shops:
D:3 *


Innate Abilities, Weirdness & Mutations

You have very sharp teeth.
Your uncanny sense of smell can sniff out nearby items.
Your experience applies equally to all skills.


Message History

You are too injured to fight recklessly!
You are too injured to fight recklessly!
You are too injured to fight recklessly!
You are too injured to fight recklessly!
You are too injured to fight recklessly!
You are too injured to fight recklessly!
You are too injured to fight recklessly!
You feel weaker.
You feel clever.
The +3 spear of Foolhardiness {protect, rC++ Str-2 Int+2} hums with potential!
m - the +3 spear of Foolhardiness (weapon)
{protect, rC++ Str-2 Int+2} The adder misses you.
You feel better. Something hits you. The adder bites you.
You are poisoned.
The adder poisons you!
You closely miss the adder.
The adder is severely wounded.
You feel sick. The adder bites you.
You are more poisoned.
The adder poisons you! Something hits you.
* * * LOW HITPOINT WARNING * * *
The orc wizard hits you with a +0 dagger.
* * * LOW HITPOINT WARNING * * *
You closely miss the adder.
The adder is severely wounded.
* * * LOW HITPOINT WARNING * * *
You feel sick. The adder bites you.
* * * LOW HITPOINT WARNING * * *
You are more poisoned.
The adder poisons you! Something hits you but does no damage.
The orc wizard hits you with a +0 dagger.
* * * LOW HITPOINT WARNING * * *
The adder closely misses you.
It was a potion of enlightenment.
You feel very buoyant.
You fly up into the air.
* * * LOW HITPOINT WARNING * * *
You feel very sick. Something hits you.
You die...

#......#...#..
#..............
###..............
#................
#................
##.....<.........
#....†.........$.
##...........)#
#........@{...#.
##.......oS......
#.#.............
##.........#.#..
##..###..#### #
### #.## ###


You could see an orc wizard and an adder.

Vanquished Creatures
  An orc priest (D:3)
  2 orc wizards (D:3)
  3 adders
  3 ribbon worms
  A dart slug (D:1)
  4 orcs
  8 ball pythons
  9 endoplasms
  A giant cockroach (D:1)
  4 goblins
  5 hobgoblins
  6 jackals (D:1)
  6 kobolds
  3 quokkas
  2 bats (D:1)
  6 frilled lizards
  7 rats
71 creatures vanquished.

Notes
Turn   | Place    | Note
-------+----------+-------------------------------------------
     0 | D:1      | epen the Gnoll Hexslinger began the quest for the Orb.
     0 | D:1      | Reached XP level 1. HP: 17/17 MP: 4/4
   112 | D:1      | Reached XP level 2. HP: 23/23 MP: 5/5
   426 | D:1      | Reached XP level 3. HP: 28/28 MP: 7/7
   822 | D:1      | Reached skill level 1 in Invocations
   967 | D:2      | Identified the +3 spear of Foolhardiness {protect, rC++
                  | Str-2 Int+2}
   987 | D:2      | Reached skill level 1 in Short Blades
   987 | D:2      | Reached skill level 1 in Long Blades
   987 | D:2      | Reached skill level 1 in Axes
   987 | D:2      | Reached skill level 1 in Maces & Flails
   987 | D:2      | Reached skill level 1 in Polearms
   987 | D:2      | Reached skill level 1 in Staves
   987 | D:2      | Reached skill level 1 in Throwing
   987 | D:2      | Reached skill level 1 in Armour
   987 | D:2      | Reached skill level 1 in Stealth
   987 | D:2      | Reached skill level 1 in Shields
   987 | D:2      | Reached skill level 1 in Unarmed Combat
   987 | D:2      | Reached skill level 1 in Evocations
  1049 | D:2      | Reached skill level 1 in Shapeshifting
  1049 | D:2      | Reached XP level 4. HP: 34/34 MP: 8/8
  1167 | D:2      | Learned a level 2 spell: Jinxbite
  1511 | D:3      | Reached skill level 1 in Conjurations
  1511 | D:3      | Reached skill level 1 in Summonings
  1511 | D:3      | Reached skill level 1 in Necromancy
  1511 | D:3      | Reached skill level 1 in Translocations
  1511 | D:3      | Reached skill level 1 in Ice Magic
  1511 | D:3      | Reached skill level 1 in Air Magic
  1511 | D:3      | Reached skill level 1 in Earth Magic
  1511 | D:3      | Reached skill level 1 in Alchemy
  1682 | D:3      | Reached XP level 5. HP: 30/41 MP: 9/9
  1943 | D:3      | Found Zitutuef's Assorted Antiques.
  2016 | D:3      | Bought a scroll labelled ENASCH EROGG for 28 gold pieces
  2016 | D:3      | Bought a scroll labelled RYALEX MUFFUL JEHA for 28 gold
                  | pieces
  2549 | D:4      | HP: 1/41 [poisoned by an adder]
  2549 | D:4      | Slain by an orc wizard

Illustrated notes

Levels and vault maps discovered:
D:1:      lemuel_arrival_rhombus, layout_loops_corners
D:2:      layout_rooms, minmay_misc_feat_roman, minmay_quantized
D:3:      layout_basic, serial_shops, nicolae_shop_dealshenge
D:4:      layout_cave_pools, mainiacjoe_overflow_six_doors_small, serial_shops,
          nicolae_shop_trees, uniq_sigmund, uniq_grinder

Skill      XL: |  1  2  3  4 |
---------------+-------------+-----
Fire Magic     | 2 |  2.5
Invocations    | 1 |  1.9
Short Blades   | 1 |  1.7
Long Blades    | 1 |  1.7
Axes           | 1 |  1.7
Maces & Flails | 1 |  1.7
Polearms       | 1 |  1.7
Staves         | 1 |  1.7
Throwing       | 1 |  1.7
Armour         | 1 |  1.7
Stealth        | 1 |  1.7
Shields        | 1 |  1.7
Unarmed Combat | 1 |  1.7
Evocations     | 1 |  1.7
Shapeshifting  | 1 |  1.5
Spellcasting   | 3 |  3.3
Conjurations   | 1 |  1.3
Summonings     | 1 |  1.3
Necromancy     | 1 |  1.3
Translocations | 1 |  1.3
Ice Magic      | 1 |  1.3
Air Magic      | 1 |  1.3
Earth Magic    | 1 |  1.3
Alchemy        | 1 |  1.3
Fighting       | 3 |  3.1
Ranged Weapons | |  4.9
Dodging        | |  4.9
Hexes          | |  5.6

Action                     |  1- 3 |  4- 6 || total
---------------------------+-------+-------++-------
  Melee: Spear             |       |     2 ||     2
   Fire: Sling             |   129 |   138 ||   267
    Use: Scroll            |       |    13 ||    13
         Potion            |       |     2 ||     2
 Armour: Robe              |    32 |    46 ||    78
  Dodge: Dodged            |    52 |    35 ||    87

Table legend: (Time is in decaauts)
 A = Elapsed time spent in this place.
 B = Non-inter-level travel time spent in this place.
 C = Inter-level travel time spent in this place.
 D = Time resting spent in this place.
 E = Time spent auto-exploring this place.
 F = Levels seen in this place.
 G = Mean time per level.
                   A        B        C        D        E       F      G
               +--------+--------+--------+--------+--------+-----+--------+
         Total |   2594 |   2479 |    115 |    171 |   1862 |   4 |  648.5 |
       Dungeon |   2594 |   2479 |    115 |    171 |   1862 |   4 |  648.5 |
               +--------+--------+--------+--------+--------+-----+--------+

Top non-repeatable levels by time:
     D:3: 1003 daAuts
     D:1: 926 daAuts
     D:2: 637 daAuts
     D:4: 26 daAuts
